 Dungeon Crawl Stone Soup version 0.30.0-5-g1a98f26d00 (webtiles) character file.

Game seed: 8449576802401665412

509 Implojin the Cutter (level 6, -17/47 HPs)
             Began as a Vampire Hedge Wizard on May 9, 2023.
             Killed by an exploding cerulean imp (29 damage)
             ... ignited by their inner flame
             ... on level 4 of the Dungeon.
             The game lasted 00:10:29 (4185 turns).

Implojin the Cutter (Vampire Hedge Wizard)          Turns: 4185, Time: 00:10:30

Health: -17/47     AC:  8    Str:  9    XL:     6   Next: 98%
Magic:  8/10       EV: 12    Int: 16    God:
Gold:   210        SH:  0    Dex: 16    Spells: 7/11 levels left

rFire   . . .        a - +0 dagger
rCold   + . .        (no shield)
rNeg    . . .        t - +2 animal skin
rPois   .            u - +1 helmet {SInv}
rElec   .            (no cloak)
rCorr   .            y - +1 pair of gloves
SInv    +            (no boots)
Will    .....        (no amulet)
Stlth   ++           i - ring of protection from cold
HPRegen 0.47/turn    (no ring)
MPRegen 0.12/turn

%: no passive effects
@: about to teleport, healing quickly
A: alive, fangs 3, see invisible, vampiric 2
a: Exsanguinate


You were on level 4 of the Dungeon.
You visited 1 branch of the dungeon, and saw 4 of its levels.

You collected 210 gold pieces.

Inventory:

Hand Weapons
 a - a +0 dagger (weapon)
 h - a +0 short sword
 J - a +0 long sword
Missiles
 g - 61 stones
 G - 4 datura-tipped darts
 K - 5 poisoned darts
 L - 3 boomerangs
Armour
 c - a +0 hat
 e - a +0 scale mail
 k - a +0 ring mail
 t - a +2 animal skin (worn)
 u - a +1 helmet of see invisible (worn)
 y - a +1 pair of gloves (worn)
Jewellery
 i - a ring of protection from cold (left hand)
 q - a ring of ice
 C - a ring of ice
 F - a +6 ring of dexterity
Scrolls
 j - 2 scrolls of enchant weapon
 l - 2 scrolls of fog
 m - a scroll of immolation
 p - a scroll of teleportation
 s - a scroll of blinking {unknown}
 v - 4 scrolls of poison {unknown}
 z - a scroll of fear {unknown}
 E - 2 scrolls of vulnerability {unknown}
 N - a scroll of amnesia {unknown}
Potions
 b - 2 potions of haste
 d - a potion of magic
 f - a potion of mutation
 n - a potion of might {unknown}
 o - 2 potions of flight {unknown}
 r - a potion of brilliance {unknown}
 w - 2 potions of curing
 x - a potion of berserk rage {unknown}
 A - 2 potions of ambrosia
 B - a potion of heal wounds {unknown}
 D - a potion of resistance {unknown}
 H - a potion of attraction {unknown}
 I - a potion of degeneration {unknown}
 M - 2 potions of lignification {unknown}


   Skills:
 - Level 3.0 Fighting
 - Level 4.0 Short Blades
 - Level 2.1 Dodging
 * Level 3.0 Stealth
 - Level 3.0 Spellcasting
 - Level 0.6 Conjurations
 - Level 1.0 Hexes
 - Level 4.0 Summonings
 - Level 0.7 Translocations
 - Level 2.5 Evocations


You had 7 spell levels left.
You knew the following spells:

 Your Spells              Type           Power      Damage    Failure   Level
a - Magic Dart            Conj           16%        1d3       14%         1
b - Slow                  Hex            20%        N/A       12%         1
c - Call Imp              Summ           30%        N/A       5%          2

Your spell library contained the following spells:

 Spells                   Type           Power      Damage    Failure   Level
 Sandblast                Erth           4%         2d4       19%         1
 Blink                    Tloc           8%         N/A       22%         2
 Cigotuvi's Dreadful Rot  Necr/Pois/Air  4%         N/A       28%         2
 Passwall                 Tmut/Erth      1%         N/A       28%         2
 Mephitic Cloud           Conj/Pois/Air  3%         N/A       45%         3
 Stone Arrow              Conj/Erth      6%         3d7       45%         3


Dungeon Overview and Level Annotations

Branches:
Dungeon (4/15)
 Temple: D:4-7

Altars:

Annotations:
D:4 Edmund


Innate Abilities, Weirdness & Mutations

Your natural rate of healing is accelerated.
You have razor-sharp teeth.
You have supernaturally acute eyesight. (SInv)
You are afflicted with vampirism and can become a bat while bloodless.


Message History

Beogh smites you!
Unknown command.
Unknown command.
The orc priest invokes the aid of Beogh against you.
Beogh smites you!
Danger: Low HP Warning |T2| Reason: 55% HP (26/47)
You hit the orc priest but do no damage.
The orc wizard barely misses you.
The orc priest looks satisfied for a moment.
Danger: Low HP Warning |T2| Reason: 55% HP (26/47)
You aren't carrying any items that you can evoke.
Unknown command.
As you read the scroll labelled XAIT HIHO QONU, it crumbles to dust.
The creatures around you are filled with an inner flame!
It was a scroll of immolation.
The orc wizard hits you but does no damage.
Your cerulean imp hits the orc priest with a -3 spear.
Flame seeps out of the orc priest.
Danger: Low HP Warning |T2| Reason: 55% HP (26/47)
The orc priest is engulfed in blazing flames.
Flame seeps out of the orc priest.
The orc priest mumbles some strange prayers to Beogh against you.
Beogh smites you!
Your cerulean imp hits the orc priest with a -3 spear.
Flame seeps out of the orc priest.
Danger: Low HP Warning |T3| Reason: 25% HP (12/47)
As you read the scroll labelled VIRHUI XONAJEUP, it crumbles to dust.
You feel strangely unstable.
It was a scroll of teleportation.
The orc wizard points at you and mumbles some strange words.
You resist with some effort.
The orc priest is engulfed in blazing flames.
The orc priest explodes!
The fiery explosion engulfs the orc!!
The fiery explosion engulfs the orc wizard!
The fiery explosion engulfs your cerulean imp!!
Your cerulean imp disappears in a puff of smoke!
Your cerulean imp explodes!
The fiery explosion engulfs you!!
Ouch! That really hurt!
You die...

$... #. #####.######
... #.## #..#####
...###..######.#....
....##..........#..
#..........###....#
............#.####
#.........#.......
#.#............... .
###@§.......###.....
....###)§§§.......#
#.....
.....oo§°§§.......#
##....
.....######.......##
.... ....
#........###.### ..
#..........#.. #
############


You could see 2 orcs.

Vanquished Creatures
  An orc priest (D:4)
  An iguana (D:4)
  Jessica (D:3)
  An orc wizard (D:4)
  Ijyb (D:4)
  Robin (D:2)
  4 gnolls (D:2)
  5 adders
  A shadow imp (D:3)
  An ufetubus (D:3)
  2 worms
  4 dart slugs
  5 orcs
  5 ball pythons
  9 endoplasms
  5 giant cockroaches
  10 goblins
  6 hobgoblins
  A jackal (D:3)
  3 quokkas
  2 bats (D:1)
  7 frilled lizards
  6 kobolds
  8 rats
90 creatures vanquished.

Vanquished Creatures (collateral kills)
  An ogre (D:4)
  A centaur (D:4)
  An orc wizard (D:3)
  3 adders
  A worm (D:2)
  An orc (D:3)
  An endoplasm (D:3)
  3 goblins
  A hobgoblin (D:3)
  A rat (D:3)
14 creatures vanquished.

Vanquished Creatures (others)
  A kobold (D:4)
1 creature vanquished.

Grand Total: 105 creatures vanquished

Notes
Turn   | Place    | Note
-------+----------+-------------------------------------------
     0 | D:1      | Implojin the Vampire Hedge Wizard began the quest for the
                  | Orb.
     0 | D:1      | Reached XP level 1. HP: 13/13 MP: 4/4
    90 | D:1      | Reached skill level 1 in Short Blades
   239 | D:1      | Reached XP level 2. HP: 18/19 MP: 4/6
   375 | D:1      | Learned a level 1 spell: Slow
   378 | D:1      | Learned a level 2 spell: Call Imp
   438 | D:1      | Reached skill level 1 in Fighting
   440 | D:1      | Danger: Low HP Warning |T2| Reason: 57% HP (12/21)
   441 | D:1      | Danger: Low HP Warning |T2| Reason: 57% HP (12/21)
   442 | D:1      | Danger: Low HP Warning |T2| Reason: 57% HP (12/21)
   757 | D:1      | Danger: Low HP Warning |T2| Reason: 57% HP (12/21)
   759 | D:1      | Danger: Low HP Warning |T2| Reason: 47% HP (10/21)
   760 | D:1      | Gained mutation: You are afflicted with vampirism and can
                  | become a bat while bloodless. [Vampire growth]
   760 | D:1      | Reached XP level 3. HP: 13/26 MP: 3/7
   760 | D:1      | Danger: Low HP Warning |T2| Reason: 50% HP (13/26)
   761 | D:1      | Danger: Low HP Warning |T2| Reason: 50% HP (13/26)
   762 | D:1      | Danger: Low HP Warning |T2| Reason: 50% HP (13/26)
   763 | D:1      | Danger: Low HP Warning |T2| Reason: 50% HP (13/26)
   764 | D:1      | Danger: Low HP Warning |T2| Reason: 53% HP (14/26)
   765 | D:1      | Danger: Low HP Warning |T2| Reason: 53% HP (14/26)
   766 | D:1      | Danger: Low HP Warning |T2| Reason: 57% HP (15/26)
   767 | D:1      | Danger: Low HP Warning |T2| Reason: 57% HP (15/26)
   768 | D:1      | Danger: Low HP Warning |T2| Reason: 53% HP (14/26)
   770 | D:1      | Danger: Low HP Warning |T2| Reason: 57% HP (15/26)
  1275 | D:2      | Reached skill level 1 in Hexes
  1506 | D:2      | Danger: Low HP Warning |T2| Reason: 59% HP (16/27)
  1507 | D:2      | Danger: Low HP Warning |T2| Reason: 55% HP (15/27)
  1508 | D:2      | Danger: Low HP Warning |T2| Reason: 51% HP (14/27)
  1626 | D:2      | Noticed Robin
  1627 | D:2      | Danger: Robin |T2| Reason: Unique monster, careful!
  1658 | D:2      | Danger: Low HP Warning |T2| Reason: 59% HP (16/27)
  1658 | D:2      | Killed Robin
  1659 | D:2      | Reached XP level 4. HP: 20/33 MP: 4/8
  1659 | D:2      | Danger: Low HP Warning |T2| Reason: 60% HP (20/33)
  1660 | D:2      | Danger: Low HP Warning |T2| Reason: 60% HP (20/33)
  1663 | D:2      | Danger: Low HP Warning |T2| Reason: 57% HP (19/33)
  1664 | D:2      | Danger: Low HP Warning |T2| Reason: 60% HP (20/33)
  1665 | D:2      | Danger: Low HP Warning |T2| Reason: 60% HP (20/33)
  2564 | D:2      | Reached XP level 5. HP: 38/38 MP: 1/9
  3051 | D:3      | Noticed Jessica
  3052 | D:3      | Danger: Jessica |T2| Reason: Slow and low Will, careful
  3052 | D:3      | Danger: Jessica |T2| Reason: Unique monster, careful!
  3054 | D:3      | Danger: Jessica |T2| Reason: Slow and low Will, careful
  3054 | D:3      | Danger: Jessica |T2| Reason: Unique monster, careful!
  3058 | D:3      | Danger: Jessica |T2| Reason: Slow and low Will, careful
  3058 | D:3      | Danger: Jessica |T2| Reason: Unique monster, careful!
  3075 | D:3      | Killed Jessica
  3272 | D:3      | Found a faded altar of an unknown god.
  3389 | D:3      | Danger: Low HP Warning |T2| Reason: 57% HP (22/38)
  3390 | D:3      | Danger: Low HP Warning |T2| Reason: 52% HP (20/38)
  3391 | D:3      | Danger: Low HP Warning |T2| Reason: 52% HP (20/38)
  3392 | D:3      | Danger: Low HP Warning |T2| Reason: 55% HP (21/38)
  3701 | D:4      | Danger: orc wizard |T2| Reason: OOD monster, careful!
  3701 | D:4      | Danger: orc |T2| Reason: Quivering boomerangs, careful!
  3709 | D:4      | Danger: orc |T2| Reason: Quivering boomerangs, careful!
  3723 | D:4      | Danger: orc wizard |T2| Reason: OOD monster, careful!
  3726 | D:4      | Danger: Low HP Warning |T2| Reason: 57% HP (22/38)
  3727 | D:4      | Danger: Low HP Warning |T2| Reason: 57% HP (22/38)
  3728 | D:4      | Reached XP level 6. HP: 26/44 MP: 7/10
  3728 | D:4      | Danger: Low HP Warning |T2| Reason: 59% HP (26/44)
  3767 | D:4      | Danger: orc |T2| Reason: Quivering boomerangs, careful!
  3767 | D:4      | Danger: orc wizard |T2| Reason: OOD monster, careful!
  3780 | D:4      | Noticed Ijyb
  3781 | D:4      | Danger: Ijyb |T2| Reason: Unique monster, careful!
  3781 | D:4      | Danger: Ijyb |T2| Reason: carrying a wand of charming (9),
                  | careful!
  3829 | D:4      | Danger: Ijyb |T2| Reason: Unique monster, careful!
  3829 | D:4      | Danger: Ijyb |T2| Reason: carrying a wand of charming (8),
                  | careful!
  3834 | D:4      | Danger: Ijyb |T2| Reason: carrying a wand of charming (7),
                  | careful!
  3837 | D:4      | Danger: Ijyb |T2| Reason: carrying a wand of charming (6),
                  | careful!
  3844 | D:4      | Danger: Ijyb |T2| Reason: carrying a wand of charming (5),
                  | careful!
  3850 | D:4      | Danger: Ijyb |T2| Reason: carrying a wand of charming (4),
                  | careful!
  3859 | D:4      | Danger: Ijyb |T2| Reason: carrying a wand of charming (3),
                  | careful!
  3866 | D:4      | Danger: Low HP Warning |T2| Reason: 60% HP (27/45)
  3867 | D:4      | Danger: Ijyb |T2| Reason: carrying a wand of charming (2),
                  | careful!
  3867 | D:4      | Killed Ijyb
  3918 | D:4      | Danger: centaur |T2| Reason: OOD monster, careful!
  3920 | D:4      | Danger: kobold |T2| Reason: Quivering poison darts and no
                  | rPois, careful!
  3925 | D:4      | Danger: centaur |T2| Reason: OOD monster, careful!
  3929 | D:4      | Danger: centaur |T2| Reason: OOD monster, careful!
  3931 | D:4      | Danger: kobold |T2| Reason: Quivering poison darts and no
                  | rPois, careful!
  3936 | D:4      | Danger: Low HP Warning |T2| Reason: 58% HP (27/46)
  3937 | D:4      | Danger: Low HP Warning |T2| Reason: 52% HP (24/46)
  3938 | D:4      | Danger: Low HP Warning |T2| Reason: 54% HP (25/46)
  3939 | D:4      | Danger: Low HP Warning |T2| Reason: 45% HP (21/46)
  3940 | D:4      | Danger: Low HP Warning |T2| Reason: 47% HP (22/46)
  3941 | D:4      | Danger: Low HP Warning |T2| Reason: 36% HP (17/46)
  3942 | D:4      | Danger: Low HP Warning |T2| Reason: 36% HP (17/46)
  3943 | D:4      | Danger: Low HP Warning |T2| Reason: 30% HP (14/46)
  3944 | D:4      | Danger: Low HP Warning |T2| Reason: 30% HP (14/46)
  3945 | D:4      | Danger: Low HP Warning |T2| Reason: 30% HP (14/46)
  3946 | D:4      | Reached skill level 1 in Evocations
  3967 | D:4      | Danger: Low HP Warning |T2| Reason: 51% HP (24/47)
  3968 | D:4      | Danger: Low HP Warning |T2| Reason: 53% HP (25/47)
  3970 | D:4      | Danger: Low HP Warning |T2| Reason: 55% HP (26/47)
  3971 | D:4      | Danger: Low HP Warning |T2| Reason: 55% HP (26/47)
  3972 | D:4      | Danger: Low HP Warning |T2| Reason: 55% HP (26/47)
  3973 | D:4      | Danger: Low HP Warning |T2| Reason: 57% HP (27/47)
  3974 | D:4      | Danger: Low HP Warning |T2| Reason: 57% HP (27/47)
  3975 | D:4      | Danger: Low HP Warning |T2| Reason: 59% HP (28/47)
  3976 | D:4      | Danger: Low HP Warning |T2| Reason: 59% HP (28/47)
  4073 | D:4      | Noticed Edmund
  4074 | D:4      | Danger: Edmund |T2| Reason: Unique monster, careful!
  4173 | D:4      | Danger: orc |T2| Reason: Quivering boomerangs, careful!
  4175 | D:4      | Danger: orc wizard |T2| Reason: OOD monster, careful!
  4175 | D:4      | Danger: orc priest |T2| Reason: OOD monster, careful!
  4180 | D:4      | Danger: orc |T2| Reason: Quivering boomerangs, careful!
  4180 | D:4      | Danger: orc wizard |T2| Reason: OOD monster, careful!
  4180 | D:4      | Danger: orc priest |T2| Reason: OOD monster, careful!
  4182 | D:4      | Danger: Low HP Warning |T2| Reason: 55% HP (26/47)
  4183 | D:4      | Danger: Low HP Warning |T2| Reason: 55% HP (26/47)
  4184 | D:4      | Danger: Low HP Warning |T2| Reason: 55% HP (26/47)
  4185 | D:4      | Danger: Low HP Warning |T3| Reason: 25% HP (12/47)
  4185 | D:4      | Killed by an exploding cerulean imp... ignited by their
                  | inner flame

Illustrated notes

Levels and vault maps discovered:
D:1:      sevenhm_arrival_forest_fort_small_1, layout_basic
D:2:      layout_basic, supply_closet_lemuel, uniq_robin
D:3:      layout_rooms, chequers_ecumenical_altar_island, minmay_vboxes,
          uniq_jessica
D:4:      layout_rooms, uniq_edmund, uniq_ijyb

Skill      XL: |  1  2  3  4  5  6 |
---------------+-------------------+-----
Short Blades   | 1 2 3 4 |  4.0
Fighting       | 1 2 3 |  3.0
Hexes          | 1 |  1.0
Summonings     | 2 3 4 |  4.0
Evocations     | 2 |  2.5
Dodging        | |  2.1
Stealth        | |  3.0
Spellcasting   | |  3.0
Conjurations   | |  0.6
Translocations | |  0.7

Action                     |  1- 3 |  4- 6 || total
---------------------------+-------+-------++-------
  Melee: Dagger            |   161 |   287 ||   448
         Bite              |    19 |    28 ||    47
         Punch             |     2 |     4 ||     6
   Cast: Magic Dart        |    68 |    14 ||    82
         Call Imp          |     3 |    25 ||    28
         Slow              |     2 |     1 ||     3
  Evoke: Wand              |       |     2 ||     2
    Use: Scroll            |     2 |     5 ||     7
   Stab: Sleeping          |     1 |     7 ||     8
         Distracted        |       |     3 ||     3
 Armour: Robe              |    30 |     1 ||    31
         Animal skin       |       |   112 ||   112
  Dodge: Dodged            |    97 |   159 ||   256
